AoeStats
← Kaiser Ze

Nomad

509255505Analyzed
4v4 RM · 6d ago on Sep 26, 2026· 28m 36s· 8 players
Game mode
Random Map
Map size
231×231
Population
200
Speed
Normal
Resources
Standard
Victory
Conquest
Starting age
Dark Age
Ending age
Imperial Age
RankedLock teamsTeams togetherTeam positionsShared explorationLock speedFull tech treeHidden civsTurbo modeCheats
Victory
Defeat
1393
+13
🇨🇳 Varangians · China
1378
+14
🇭🇰 Italians · Hong Kong SAR China
1351
+15
🇨🇳 Magyars · China
1324
+16
🇹🇼 Persians · Taiwan
1358
-15
🇺🇸 Danes · United States
1345
-15
🇺🇸 Huns · United States
1335
-15
🇨🇱 Vikings · Chile
1288
-13
Druminado
5:13 Loom
14:14 Feudal Age
14:42 Double-Bit Axe
17:04 Fishing Lines
21:22 Castle Age
19:40 Horse Collar
21:29 Gold Mining
21:45 Fletching
21:56 Padded Archer Armor
22:29 Bow Saw
21:53 Crossbowman
24:03 Bodkin Arrow
25:07 Town Watch
26:02 Gold Shaft Mining
25:47 Gillnets
28:08 Ballistics
petarded
13:13 Feudal Age
14:20 Loom
21:39 Castle Age
19:41 Fletching
20:08 Gold Mining
21:53 Elite Skirmisher
22:38 Thumb Ring
24:03 Bodkin Arrow
Thor Odinson
4:55 Loom
5:08 Loom
14:03 Feudal Age
16:26 Fishing Lines
16:39 Double-Bit Axe
20:55 Castle Age
21:54 Gillnets
22:03 Arson
24:15 Wheelbarrow
25:07 Fletching
25:23 Padded Archer Armor
26:08 Scale Mail Armor
26:22 Squires
26:55 Gold Mining
27:36 Horse Collar
chengaopeng044
3:51 Loom
15:27 Feudal Age
18:55 Castle Age
16:56 Double-Bit Axe
18:05 Bloodlines
20:07 Bow Saw
23:27 Scale Barding Armor
st9901544
5:20 Loom
13:58 Feudal Age
17:42 Castle Age
16:09 Scale Barding Armor
16:55 Double-Bit Axe
19:24 Chain Barding Armor
20:20 Bloodlines
22:26 Bow Saw
25:35 Chain Barding Armor
拿捏木村
14:38 Feudal Age
15:57 Double-Bit Axe
18:21 Castle Age
16:28 Gold Mining
17:05 Fishing Lines
19:45 Bow Saw
19:30 Gillnets
22:09 Wheelbarrow
21:21 Loom
21:22 Town Watch
24:10 Horse Collar
28:09 Imperial Age
25:49 Stone Mining
27:25 Stone Shaft Mining
27:18 Hand Cart
30:15 Chemistry
Kaiser Ze
4:41 Loom
13:14 Feudal Age
15:26 Double-Bit Axe
17:52 Castle Age
16:36 Horse Collar
18:58 Bloodlines
18:57 Scale Barding Armor
21:10 Forging
21:07 Husbandry
你可以打我队友吗
4:41 Loom
13:36 Feudal Age
17:42 Castle Age
16:02 Forging
15:49 Fletching
15:49 Double-Bit Axe
19:44 Bodkin Arrow
19:51 Padded Archer Armor
26:48 Ballistics
28:47 Horse Collar
Connection lost

Rejoining the realm…

Still unreachable

The connection could not be restored.

Session expired

The server has moved on; the page needs a fresh start.